 Dungeon Crawl Stone Soup version 0.30-a0-1160-g6e42c06551 (webtiles) character file.

Game seed: 13689494498636223186

10076 Armakuni the Cruncher (level 11, -13/90 HPs)
             Began as a Human Monk on Apr 27, 2023.
             Was an Initiate of Gozag.
             Mangled by a polar bear (25 damage)
             ... on level 9 of the Dungeon.
             The game lasted 00:28:01 (12717 turns).

Armakuni the Cruncher (Human Monk)                 Turns: 12717, Time: 00:28:01

Health: -13/90     AC:  9    Str: 22    XL:     11   Next: 86%
Magic:  11/11      EV: 13    Int: 10    God:    Gozag
Gold:   914        SH:  5    Dex: 16    Spells: 10/10 levels left

rFire   + . .        a - +7 lajatang of Order {silver, rMut}
rCold   + . .        (shield currently unavailable)
rNeg    . . .        h - +2 ring mail {Will+}
rPois   .            s - +0 helmet
rElec   .            p - scarf {rC+ rF+}
rCorr   .            f - +0 pair of gloves
SInv    .            (no boots)
Will    +....        H - amulet of reflection
Stlth   +            L - ring of flight
HPRegen 0.35/turn    V - +6 ring of strength
MPRegen 0.12/turn

%: reflection, resist mutation
@: flying
A: no striking features
a: Renounce Religion, Potion Petition, Call Merchant, Bribe Branch


You were on level 9 of the Dungeon.
You worshipped Gozag.
Gozag was pleased with you.
You visited 3 branches of the dungeon, and saw 11 of its levels.

You collected 1911 gold pieces.
You spent 997 gold pieces at shops.

Inventory:

Hand Weapons
 a - the +7 lajatang of Order (weapon) {silver, rMut}
   (You bought it in a shop on level 2 of the Dungeon)

   rMut:      It protects you from mutation.
 b - the +10 trident of Truncation {vamp, rC+ Stlth+}
   (You found it on level 9 of the Dungeon)

   rC:        It protects you from cold.
   Stlth:     It makes you more stealthy.
 u - a +0 quarterstaff
Missiles
 v - 2 boomerangs (quivered)
 A - a throwing net
Armour
 f - a +0 pair of gloves (worn)
 h - a +2 ring mail of willpower (worn)
 l - the +2 ratskin cloak {*Rats rPois rN+ Str-1 Int-1 Dex+1}
   (You found it on level 5 of the Dungeon)

   *Rats:     When the wearer is hurt, rats may emerge from it to assist them.
   Str:       It affects your strength (-1).
   Int:       It affects your intelligence (-1).
   Dex:       It affects your dexterity (+1).
   rPois:     It protects you from poison.
   rN:        It protects you from negative energy.
 p - a scarf of resistance (worn)
 s - a +0 helmet (worn)
 E - a scarf of invisibility
Jewellery
 F - a ring of fire
 H - an amulet of reflection (around neck)
 L - a ring of flight (left hand)
 V - a +6 ring of strength (right hand)
Wands
 c - a wand of charming (8)
Scrolls
 e - a scroll of fear
 j - a scroll of amnesia
 k - 2 scrolls of noise
 m - a scroll of poison
 q - 2 scrolls of identify
 r - 3 scrolls of immolation
 t - 6 scrolls of enchant armour
 y - 3 scrolls of blinking
 B - 2 scrolls of vulnerability
 D - 5 scrolls of teleportation
Potions
 d - a potion of brilliance
 g - a potion of might
 i - a potion of magic
 o - 5 potions of curing
 w - a potion of lignification
 x - a potion of flight
 z - a potion of ambrosia
Miscellaneous
 C - a phial of floods


   Skills:
 - Level 10.0 Fighting
 - Level 3.0(9.4) Maces & Flails
 - Level 13.8(14.0) Staves
 + Level 5.2 Dodging
 - Level 4.0 Evocations


You had 10 spell levels left.
You didn't know any spells.
Your spell library contained the following spells:

 Spells                   Type           Power      Damage    Failure   Level
 Necrotise                Necr           0%         1d4       52%         1
 Shock                    Conj/Air       0%         1d3       52%         1
 Lesser Beckoning         Tloc           0%         N/A       67%         2
 Poisonous Vapours        Pois/Air       0%         N/A       67%         2
 Gell's Gravitas          Tloc           0%         N/A       88%         3
 Mephitic Cloud           Conj/Pois/Air  0%         N/A       88%         3
 Stone Arrow              Conj/Erth      0%         3d7       88%         3
 Swiftness                Air            0%         N/A       88%         3
 Teleport Other           Tloc           0%         N/A       88%         3
 Vampiric Draining        Necr           0%         2d6       88%         3
 Vhi's Electric Charge    Tloc/Air       0%         N/A       88%         3
 Volatile Blastmotes      Fire/Tloc      0%         2d10      88%         3
 Airstrike                Air            0%         2d(0-16)  99%         4
 Animate Armour           Summ/Erth      0%         N/A       99%         4
 Fulminant Prism          Conj/Hex       0%         3d5       99%         4
 Iskenderun's Mystic Bla  Conj/Tloc      0%         2d3       99%         4
 Agony                    Necr           0%         N/A       100%        5
 Arcjolt                  Conj/Air       0%         1d10      100%        5
 Freezing Cloud           Conj/Ice/Air   0%         6-21      100%        5
 Lee's Rapid Deconstruct  Erth           0%         3d4*      100%        5
 Plasma Beam              Fire/Air       0%         2x1d11    100%        6
 Lehudib's Crystal Spear  Conj/Erth      0%         10d2      100%        8


Dungeon Overview and Level Annotations

Branches:
Dungeon (9/15)             Temple (1/1) D:4            Lair (1/5) D:9
    Orc: D:9-12

Altars:
Ashenzari
Cheibriados
Dithmenos
Elyvilon
Fedhas
Gozag
Hepliaklqana
Kikubaaqudgha
Makhleb
Nemelex Xobeh
Okawaru
Qazlal
Ru
Sif Muna
Trog
Uskayaw
Vehumet
Wu Jian
Xom
Yredelemnul
Zin
The Shining One

Shops:
D:1 [   D:2 :([?   D:4 *   D:7 ?


Message History

The yak is no longer distracted by gold.
The polar bear bites you! The polar bear closely misses you.
You block the polar bear's attack. The yak closely misses you.
You slash the polar bear!
The polar bear is heavily wounded.
You slash the polar bear!
The polar bear is severely wounded.
The polar bear bites you! The polar bear barely misses you.
The polar bear claws you but does no damage.
The yak gores you.
The komodo dragon is distracted by your dazzling golden aura.
You are too injured to fight recklessly!
The yak attacks as you move away! The yak gores you.
The polar bear goes berserk!
The polar bear attacks as you move away!
The polar bear bites you!
* * * LOW HITPOINT WARNING * * *
You block the polar bear's attack.
The polar bear claws you but does no damage.
You block the polar bear's attack. The polar bear misses you.
The polar bear claws you but does no damage.
The komodo dragon hisses angrily.
You hear a howl!
The yak attacks as you move away! You block the yak's attack.
You hear a howl!
There is a staircase back to the Dungeon here.
You hear a bellow!
The polar bear bites you but does no damage.
You block the polar bear's attack. The polar bear completely misses you.
The yak barely misses you. The polar bear barely misses you.
The polar bear closely misses you. The polar bear claws you.
* * * LOW HITPOINT WARNING * * *
You fly upwards.
Welcome back to the Dungeon!
There is a staircase to the Lair here.
You barely miss the polar bear.
The polar bear is severely wounded.
The yak gores you!
* * * LOW HITPOINT WARNING * * *
The polar bear bites you!!
You die...
Your body crumbles into a pile of gold.

#..## ### ###.#######.###
###.###.####.#....#.#...(####
##....##.#...#........####.#
#.####.##............## #.##
###.#.#..)..........#.###.##
###...............#...#.#'..#
#........#####....#.##..)####
..)..##.#..# ##h.Y####.#.#
#.####..##.# ##@## #...# ###
####### ### #####


You could see a polar bear (berserk) and a yak.

Vanquished Creatures
  Gastronok (D:8)
  3 two-headed ogres
  Pikel (D:7)
  A komodo dragon (Lair:1)
  2 polar bears (D:8)
  10 yaks
  2 basilisks (D:9)
  2 wyverns (D:9)
  2 steam dragons
  An acid dragon (D:9)
  Duvessa (D:4)
  2 water moccasins
  An orc warrior (D:8)
  An ice beast (D:6)
  A sky beast (D:7)
  A swamp drake (D:9)
  2 black bears
  2 centaurs
  An ogre (D:7)
  2 phantoms (D:5)
  A kobold brigand (D:8)
  3 bullfrogs
  3 scorpions
  4 wights (D:8)
  Dowan (D:3)
  3 killer bees (D:8)
  An electric eel (D:8)
  3 howler monkeys
  4 crimson imps (D:4)
  3 hounds (D:5)
  A gnoll bouda (D:6)
  4 orc priests
  An iguana (D:5)
  2 sleepcaps (D:5)
  3 jellies
  10 orc wizards
  5 hell rats (D:5)
  7 adders
  15 gnolls
  11 river rats (D:5)
  5 white imps
  An ufetubus (D:5)
  3 worms
  4 dart slugs
  28 orcs
  4 endoplasms
  A giant cockroach (D:4)
  8 goblins
  12 hobgoblins
  8 jackals
  5 quokkas
  8 ball pythons
  6 bats
  A frilled lizard (D:2)
  8 kobolds
  11 rats
237 creatures vanquished.

Vanquished Creatures (collateral kills)
  2 komodo dragons (D:9)
  2 river rats (D:5)
4 creatures vanquished.

Vanquished Creatures (others)
  An orc wizard (D:3)
  2 hell rats (D:5)
  2 river rats (D:5)
  2 endoplasms (D:3)
7 creatures vanquished.

Grand Total: 248 creatures vanquished

Notes
Turn   | Place    | Note
-------+----------+-------------------------------------------
     0 | D:1      | Armakuni the Human Monk began the quest for the Orb.
     0 | D:1      | Reached XP level 1. HP: 18/18 MP: 1/1
   178 | D:1      | Reached XP level 2. HP: 20/24 MP: 2/2
   380 | D:1      | Reached XP level 3. HP: 10/30 MP: 3/3
   500 | D:1      | Found Codisike's Antique Armour Boutique.
  1468 | D:2      | Found Biheseu's Weapon Shop.
  1477 | D:2      | Reached XP level 4. HP: 38/38 MP: 4/4
  1495 | D:2      | Found Addiwap's Antique Armour Boutique.
  1549 | D:2      | Reached skill level 5 in Fighting
  1642 | D:2      | Found Zusauxuv's Magic Scroll Boutique.
  1652 | D:2      | Bought a scroll of identify for 24 gold pieces
  1842 | D:2      | Reached XP level 5. HP: 33/44 MP: 5/5
  1905 | D:2      | Found Kaacei Asan's Book Emporium.
  1962 | D:2      | Reached skill level 1 in Staves
  2543 | D:3      | Reached skill level 2 in Staves
  2543 | D:3      | Reached XP level 6. HP: 23/51 MP: 6/6
  3827 | D:4      | Found a staircase to the Ecumenical Temple.
  3879 | Temple   | Entered the Ecumenical Temple
  4127 | Temple   | Became a worshipper of Gozag Ym Sagoz the Greedy
  4197 | D:4      | Noticed Duvessa
  4197 | D:4      | Noticed Dowan
  4218 | D:4      | Killed Duvessa
  4219 | D:4      | Reached skill level 3 in Staves
  4219 | D:4      | Reached skill level 5 in Dodging
  4219 | D:4      | Reached XP level 7. HP: 56/56 MP: 7/7
  4343 | D:3      | Killed Dowan
  4344 | D:3      | Reached skill level 4 in Staves
  4775 | D:4      | Found Paurataf's General Store.
  4783 | D:4      | Bought a potion of curing for 42 gold pieces
  4799 | D:4      | Reached skill level 5 in Staves
  4998 | D:4      | Found a shimmering altar of Xom.
  5056 | D:4      | Reached XP level 8. HP: 59/62 MP: 8/8
  5161 | D:5      | Entered Level 5 of the Dungeon
  5189 | D:5      | Reached skill level 6 in Staves
  5635 | D:5      | Reached skill level 7 in Staves
  6343 | D:5      | Reached skill level 1 in Evocations
  6411 | D:5      | Reached skill level 8 in Staves
  6862 | D:5      | Reached XP level 9. HP: 64/68 MP: 9/9
  7012 | D:5      | Found a broken altar of Ashenzari.
  7012 | D:5      | Found a radiant altar of Vehumet.
  7194 | D:5      | Found the +2 ratskin cloak {*Rats rPois rN+ Str-1 Int-1
                  | Dex+1}
  7725 | D:6      | Found an ancient bone altar of Kikubaaqudgha.
  7751 | D:6      | Reached skill level 9 in Staves
  7796 | D:2      | Bought the +7 lajatang of Order {silver, rMut} for 751 gold
                  | pieces
  7796 | D:2      | Found the +7 lajatang of Order {silver, rMut}
  8787 | D:7      | Found Bovon's Magic Scroll Emporium.
  8791 | D:7      | Bought a scroll of blinking for 75 gold pieces
  8791 | D:7      | Bought a scroll of blinking for 75 gold pieces
  8791 | D:7      | Bought a scroll of teleportation for 30 gold pieces
  8824 | D:7      | Reached skill level 10 in Staves
  8871 | D:7      | Found a shadowy altar of Dithmenos.
  9019 | D:7      | Noticed Pikel
  9024 | D:7      | Killed Pikel
  9025 | D:7      | Reached XP level 10. HP: 50/74 MP: 10/10
  9142 | D:7      | Reached skill level 11 in Staves
  9496 | D:8      | Noticed a two-headed ogre
  9501 | D:8      | Killed a two-headed ogre
  9502 | D:8      | Reached skill level 12 in Staves
  9901 | D:8      | Reached skill level 13 in Staves
 10013 | D:8      | Noticed Gastronok
 10038 | D:8      | Killed Gastronok
 10039 | D:8      | Reached XP level 11. HP: 46/81 MP: 11/11
 10331 | D:8      | Found a blossoming altar of Fedhas.
 10723 | D:8      | Found a sacrificial altar of Ru.
 11680 | D:9      | Noticed a two-headed ogre
 11703 | D:9      | Found a staircase to the Lair.
 11876 | D:9      | Noticed a two-headed ogre
 11882 | D:9      | Killed a two-headed ogre
 12209 | D:9      | Identified the +10 trident of Truncation {vamp, rC+ Stlth+}
 12700 | Lair:1   | Entered Level 1 of the Lair of Beasts
 12708 | Lair:1   | Reached skill level 10 in Fighting
 12717 | D:9      | Mangled by a polar bear

Illustrated notes

Levels and vault maps discovered:
D:1:      kennysheep_arrival_seaside, layout_basic, serial_shops, shop
D:2:      layout_basic, serial_shops, nicolae_shop_overgrown_old_shop,
          nicolae_shop_bloodbath_and_beyond, shop, nicolae_book_shop_shelving,
          kennysheep_generic_room_16
D:3:      layout_basic, lemuel_flame_loot_1
D:4:      layout_rooms, led_xom_imps, minmay_temple_entry_mist, serial_glass,
          glass_columns_c, glass_columns_b, item_on_display_a,
          due_unseen_surprise, item_on_display_a, serial_shops,
          nicolae_shop_waterfront, uniq_duvessa
D:5:      wander_guarded_unrand_ratskin, layout_basic,
          gammafunk_temple_overflow_pools
D:6:      layout_layer_cave, kiku_gazebo_pond_becter, nrook_mini_backslash
D:7:      layout_loops_corners, nicolae_dithmenos_through_a_glass_darkly,
          serial_shops, nicolae_shop_hallway_plus, uniq_pikel
D:8:      layout_basic, nicolae_ru_sacrificial_ziggurat,
          mainiacjoe_overflow_alcove_1, serial_ice, serial_ice_e, serial_ice_c,
          serial_ice_i, serial_ice_b, nicolae_hexahallways,
          kennysheep_windowed_goal, uniq_gastronok
D:9:      layout_long_grid, erik_lair_dragon
Temple:   regret_index_temple_generic_petals
Lair:1:   layout_cave_shapes, beast_lair_carwin_7

Skill      XL: |  1  2  3  4  5  6  7  8  9 10 11 |
---------------+----------------------------------+-----
Fighting       | 4 5 10 | 10.0
Staves         | 2 3 5 8 10 13 | 13.8
Dodging        | 4 5 |  5.2
Evocations     | 2 4 |  4.0
Maces & Flails | |  3.0

Action                     |  1- 3 |  4- 6 |  7- 9 | 10-12 || total
---------------------------+-------+-------+-------+-------++-------
  Melee: Mace              |    94 |    29 |       |       ||   123
         Quarterstaff      |       |   174 |   466 |       ||   640
         Lajatang          |       |       |    25 |   162 ||   187
  Throw: Throwing net      |       |       |     3 |       ||     3
  Evoke: Wand              |       |       |     6 |    11 ||    17
    Use: Scroll            |     4 |     6 |     4 |     3 ||    17
         Potion            |       |     5 |     3 |       ||     8
   Stab: Distracted        |       |       |     1 |       ||     1
 Armour: Robe              |    12 |       |       |       ||    12
         Ring mail         |     1 |    72 |   163 |    40 ||   276
         Skin              |       |    29 |    44 |       ||    73
  Dodge: Dodged            |    67 |   121 |   294 |    78 ||   560
  Block: Other             |       |       |       |     8 ||     8

Table legend: (Time is in decaauts)
 A = Elapsed time spent in this place.
 B = Non-inter-level travel time spent in this place.
 C = Inter-level travel time spent in this place.
 D = Time resting spent in this place.
 E = Time spent auto-exploring this place.
 F = Levels seen in this place.
 G = Mean time per level.
                   A        B        C        D        E       F      G
               +--------+--------+--------+--------+--------+-----+--------+
         Total |  12697 |  12198 |    499 |   2330 |   7347 |  11 | 1154.3 |
       Dungeon |  12399 |  11991 |    408 |   2330 |   7162 |   9 | 1377.7 |
        Temple |    284 |    194 |     90 |      0 |    185 |   1 |  284.0 |
          Lair |     13 |     13 |      0 |      0 |      0 |   1 |   13.0 |
               +--------+--------+--------+--------+--------+-----+--------+

Top non-repeatable levels by time:
     D:5: 2345 daAuts
     D:8: 1959 daAuts
     D:3: 1714 daAuts
     D:1: 1289 daAuts
     D:9: 1216 daAuts
     D:2: 1060 daAuts
     D:6: 994 daAuts
     D:4: 938 daAuts
     D:7: 879 daAuts
  Temple: 284 daAuts
  Lair:1: 13 daAuts
